 Dungeon Crawl Stone Soup version 0.31-a0-968-g24f9ace8b5 (webtiles) character file.

Game seed: 4590744469489158780

7647 Gladio the Spear-Bearer (level 11, -6/71 HPs)
             Began as a Tengu Fighter on Oct 27, 2023.
             Was a Believer of Ashenzari.
             Mangled by a freezing wraith (23 damage)
             ... on level 9 of the Dungeon.
             The game lasted 00:17:45 (7581 turns).

Gladio the Spear-Bearer (Tengu Fighter)             Turns: 7581, Time: 00:17:50

Health: -6/71      AC: 17    Str: 22    XL:     11   Next: 18%
Magic:  12/12      EV: 10    Int:  8    God:    Ashenzari [**....]
Gold:   387        SH: 13    Dex: 25    Spells: 10/10 levels left

rFire   . . .        E - +4 trident (drain)
rCold   . . .        t - +0 kite shield "Overhang to Understand" {Range, Self} (curse)
rNeg    . . .        F - +0 plate armour
rPois   .            x - +1 hat
rElec   .            h - +1 cloak of the Shackled Annoyance {Melee, Dev} (curse)
rCorr   .            (no gloves)
SInv    +            (boots unavailable)
Will    .....        (no amulet) Stlth
                     g - ring "Tethered With Me" {Dex+6, Cun, Dev} (curse)
HPRegen 0.31/turn    s - +6 ring of dexterity
MPRegen 0.13/turn

%: acrobat
@: flying
A: beak, talons 3, evasive flight, acrobatic
a: Renounce Religion, Shatter the Chains


You were on level 9 of the Dungeon.
You worshipped Ashenzari.
Ashenzari was pleased with you.
You visited 2 branches of the dungeon, and saw 10 of its levels.

You collected 519 gold pieces.
You spent 132 gold pieces at shops.

Inventory:

Hand Weapons
 a - a +0 trident
 l - a +1 trident
 E - a +4 trident of draining (weapon)
Missiles
 j - 6 atropa-tipped darts
 G - 6 poisoned darts
Armour
 b - a +0 scale mail
 c - a +0 buckler
 h - the cursed +1 cloak of the Shackled Annoyance (worn) {Melee, Dev}
   (You found it on level 1 of the Dungeon)

   It has a curse which improves the following skills: Melee Combat: Short
   Blades, Long Blades, Axes, Maces & Flails, Polearms, Staves and Unarmed
   Combat.
   Devices:   Evocations and Shapeshifting.
 t - the cursed +0 kite shield "Overhang to Understand" (worn) {Range, Self}
   (You found it on level 5 of the Dungeon)

   It has a curse which improves the following skills: Ranged Combat: Ranged
   Weapons and Throwing.
   Introspection: Fighting and Spellcasting.
 v - a +0 chain mail
 x - a +1 hat (worn)
 F - a +0 plate armour (worn)
Jewellery
 g - the cursed ring "Tethered With Me" (left hand) {Dex+6, Cun, Dev}
   (You found it on level 1 of the Dungeon)

   [ring of dexterity]

   Dex+6:     It affects your dexterity (+6).
   It has a curse which improves the following skills: Cunning: Dodging and
   Stealth.
   Devices:   Evocations and Shapeshifting.
 k - a ring of protection from fire
 m - a ring of wizardry
 s - a +6 ring of dexterity (right hand)
 K - a ring of protection from cold
Wands
 A - a wand of quicksilver (9)
 B - a wand of flame (15)
 H - a wand of mindburst (8)
Scrolls
 d - 2 scrolls of amnesia
 e - 5 scrolls of teleportation
 i - 2 scrolls of fog
 q - a scroll of poison
 r - 2 scrolls of immolation
 y - a scroll of silence
 I - a scroll of blinking
 J - 3 scrolls of fear
Potions
 f - a potion of berserk rage
 n - 2 potions of attraction
 o - 2 potions of brilliance
 p - a potion of cancellation
 u - a potion of ambrosia
 w - 2 potions of enlightenment
 z - a potion of lignification
 C - 2 potions of curing
 D - a potion of mutation


   Skills:
 + Level 8.2(9.4) Fighting
 * Level 11.9(13.0) Polearms
 + Level 9.0 Armour
 + Level 8.2 Shields


You had 10 spell levels left.
You didn't know any spells.
Your spell library contained the following spells:

 Spells                   Type           Power      Damage    Failure   Level
 Volatile Blastmotes      Fire/Tloc      0%         2d10      100%        3
 Animate Dead             Necr           0%         N/A       100%        4
 Fulminant Prism          Conj/Hex       0%         3d5       100%        4
 Iskenderun's Mystic Bla  Conj/Tloc      0%         2d3       100%        4
 Borgnjor's Vile Clutch   Necr/Erth      0%         N/A       100%        5
 Death Channel            Necr           0%         N/A       100%        6


Dungeon Overview and Level Annotations

Branches:
Dungeon (9/15)             Temple (1/1) D:5
   Lair: D:8-11         Orc: D:9-12

Altars:
Ashenzari
Cheibriados
Dithmenos
Elyvilon
Fedhas
Gozag
Kikubaaqudgha
Makhleb
Nemelex Xobeh
Okawaru
Qazlal
Ru
Sif Muna
Trog
Uskayaw
Vehumet
Wu Jian
Xom
Yredelemnul
Zin
The Shining One

Shops:
D:6 [


Innate Abilities, Weirdness & Mutations

You have a beak for a mouth.
You have claws for feet.
Your magical flight helps you evade attacks. (EV +4)
You can magically evade attacks while moving or waiting.


Message History

You reach down and open the door.
A freezing wraith is nearby!
There is an open door here.
You puncture the freezing wraith! You claw the freezing wraith.
You peck the freezing wraith, but do no damage.
The freezing wraith is moderately damaged.
The freezing wraith hits you. The freezing wraith freezes you!
You block the freezing wraith's attack.
You hit the freezing wraith but do no damage.
You claw the freezing wraith.
The freezing wraith is heavily damaged.
You closely miss the freezing wraith. You claw the freezing wraith.
The freezing wraith is heavily damaged.
The freezing wraith hits you. The freezing wraith freezes you!
You block the freezing wraith's attack.
You hit the freezing wraith but do no damage.
You claw the freezing wraith, but do no damage.
The freezing wraith is heavily damaged.
The freezing wraith hits you. The freezing wraith freezes you!
You block the freezing wraith's attack.
You are too injured to fight recklessly!
You are too injured to fight recklessly!
You hit the freezing wraith.
The freezing wraith is heavily damaged.
You block the freezing wraith's attack. The freezing wraith closely misses you.
You hit the freezing wraith. You claw the freezing wraith!
The freezing wraith is almost destroyed.
You hit the freezing wraith. You claw the freezing wraith.
The freezing wraith is almost destroyed.
The freezing wraith hits you.
* * * LOW HITPOINT WARNING * * *
The freezing wraith freezes you!
* * * LOW HITPOINT WARNING * * *
The freezing wraith closely misses you.
You feel better. You block the freezing wraith's attack.
The freezing wraith hits you but does no damage.
You feel better. The freezing wraith hits you.
* * * LOW HITPOINT WARNING * * *
The freezing wraith freezes you!!
You die...

#.######.#.........#
##........#.........# ..
..........#.........#...
))).))....#.........#..
)####...#.'.........'.
.# #...#.#.........#..
## .#
#.....#.........#.. ##.
.# #...#.#......W..# #..
.# #...#.#.....@...# ###
.####...#.#####'#######
######
........#..............
......
........##############.
#..... .####...# ......
.# #...# #..... .# #...#
#..... .# #...# #.....
.####...###############
#.....


You could see a freezing wraith.

Vanquished Creatures
  A hydra (D:9)
  A two-headed ogre (D:8)
  A centaur warrior (D:9)
  A tengu warrior (D:9)
  Jeremiah (D:8)
  A troll (D:9)
  A vampire (D:6)
  A wyvern (D:9)
  2 steam dragons
  Grum (D:8)
  2 water moccasins
  3 orc warriors
  A black bear (D:4)
  An ice beast (D:6)
  3 sky beasts
  2 wolves (D:8)
  A centaur (D:9)
  5 bullfrogs
  3 kobold brigands (D:8)
  15 wights
  13 killer bees
  3 hounds
  3 quasits (D:5)
  4 jellies
  8 orc priests
  A sleepcap (D:4)
  3 iguanas
  Natasha (thrice) (D:2)
  7 orc wizards
  6 adders
  A shadow imp (D:7)
  3 white imps
  An ufetubus (D:5)
  3 worms
  37 orcs
  5 ball pythons
  5 endoplasms
  4 giant cockroaches
  4 goblins
  4 hobgoblins
  6 jackals (D:2)
  21 kobolds
  2 quokkas (D:1)
  7 bats
  2 frilled lizards
  5 rats
208 creatures vanquished.

Notes
Turn   | Place    | Note
-------+----------+-------------------------------------------
     0 | D:1      | Gladio the Tengu Fighter began the quest for the Orb.
     0 | D:1      | Reached XP level 1. HP: 14/14 MP: 2/2
   108 | D:1      | Reached XP level 2. HP: 15/19 MP: 3/3
   421 | D:1      | Reached XP level 3. HP: 23/23 MP: 4/4
   575 | D:2      | Reached skill level 3 in Polearms
   588 | D:2      | Noticed Natasha
   594 | D:2      | Killed Natasha
   595 | D:2      | Reached XP level 4. HP: 16/28 MP: 5/5
   759 | D:2      | Noticed Natasha
   763 | D:2      | Killed Natasha
   764 | D:2      | Found a faded altar of an unknown god.
   842 | D:2      | Noticed Natasha
   847 | D:2      | Killed Natasha
   852 | D:2      | Reached XP level 5. HP: 26/32 MP: 6/6
   879 | D:2      | Found an ancient bone altar of Kikubaaqudgha.
  1062 | D:3      | Reached skill level 4 in Polearms
  1544 | D:4      | Reached XP level 6. HP: 30/38 MP: 7/7
  1769 | D:4      | Reached skill level 5 in Polearms
  2065 | D:4      | Noticed a black bear
  2074 | D:4      | Killed a black bear
  2075 | D:4      | Gained mutation: Your magical flight helps you evade
                  | attacks. (EV +4) [Tengu growth]
  2075 | D:4      | Reached XP level 7. HP: 43/44 MP: 8/8
  2230 | D:5      | Entered Level 5 of the Dungeon
  2252 | D:5      | Reached skill level 5 in Armour
  2566 | D:5      | Reached skill level 6 in Polearms
  2742 | D:5      | Found a staircase to the Ecumenical Temple.
  2935 | D:5      | Reached XP level 8. HP: 16/48 MP: 9/9
  2938 | D:5      | Reached skill level 5 in Shields
  3095 | D:5      | Reached skill level 5 in Fighting
  3337 | D:6      | Found a large runed translucent door.
  3337 | D:6      | Found a large runed translucent door.
  3464 | D:6      | Found Yfafakk's Armour Boutique.
  3475 | D:6      | Reached skill level 7 in Polearms
  3477 | D:6      | Bought a +1 hat for 132 gold pieces
  3710 | D:6      | Noticed a vampire
  3789 | D:6      | Killed a vampire
  4119 | Temple   | Entered the Ecumenical Temple
  4166 | Temple   | Became a worshipper of Ashenzari the Shackled
  4407 | D:6      | Found a blossoming altar of Fedhas.
  4414 | D:6      | Found a sparkling altar of Nemelex Xobeh.
  4558 | D:7      | Reached skill level 8 in Polearms
  4558 | D:7      | Reached XP level 9. HP: 55/55 MP: 10/10
  5222 | D:8      | Noticed a two-headed ogre
  5237 | D:8      | Killed a two-headed ogre
  5238 | D:8      | Reached skill level 9 in Polearms
  5288 | D:8      | Found a shimmering altar of Xom.
  5288 | D:8      | Noticed Jeremiah
  5331 | D:8      | Killed Jeremiah
  5567 | D:8      | Reached XP level 10. HP: 57/61 MP: 11/11
  5740 | D:8      | Reached skill level 10 in Polearms
  5898 | D:8      | Noticed Grum
  5905 | D:8      | Killed Grum
  6583 | D:9      | Noticed a tengu warrior
  6684 | D:9      | Found a glowing silver altar of Zin.
  6728 | D:9      | Killed a tengu warrior
  6729 | D:9      | Reached skill level 11 in Polearms
  7031 | D:9      | Reached * piety under Ashenzari
  7070 | D:9      | Reached ** piety under Ashenzari
  7171 | D:9      | Noticed a six-headed hydra
  7172 | D:9      | Noticed a two-headed ogre
  7343 | D:9      | Killed a six-headed hydra
  7344 | D:9      | Reached XP level 11. HP: 59/71 MP: 12/12
  7389 | D:9      | Noticed a centaur warrior
  7405 | D:9      | Killed a centaur warrior
  7579 | D:9      | HP: 3/71 [freezing wraith (17)]
  7581 | D:9      | Mangled by a freezing wraith

Illustrated notes

Levels and vault maps discovered:
D:1:      grunt_arrival_lava_bath, layout_rooms
D:2:      layout_rooms, basic_ecumenical_altar, basic_altar, uniq_natasha
D:3:      layout_rooms, nicolae_underground_beach
D:4:      layout_gridville, minmay_crossroads
D:5:      layout_loops_ring, minmay_temple_entry_from_below_a, serial_demonic,
          serial_demonic_e, serial_demonic_f, serial_demonic_b, serial_demonic_d
D:6:      layout_basic, jmf_multi_god_temple2, serial_shops, shop
D:7:      layout_basic, grunt_decor_resistance, corexii_corridor_pit,
          dk_vineyard_1
D:8:      layout_basic, dk_xom_monty_hall, uniq_grum, uniq_jeremiah
D:9:      minmay_the_grid_3x2 [minmay_the_grid_all_tris,
          minmay_the_grid_outer_circle, minmay_the_grid_empty,
          minmay_the_grid_slots, minmay_the_grid_expand,
          minmay_the_grid_prize_inner_circle], layout_small_grid,
          zin_scriptorium
Temple:   minmay_temple_bridge_d

Skill      XL: |  1  2  3  4  5  6  7  8  9 10 11 |
---------------+----------------------------------+-----
Polearms       | 3 4 5 6 8 9 11 | 11.9
Armour         | 4 5 6 7 8 9 |  9.0
Shields        | 4 5 6 8 |  8.2
Fighting       | 4 5 6 8 |  8.2

Action                     |  1- 3 |  4- 6 |  7- 9 | 10-12 || total
---------------------------+-------+-------+-------+-------++-------
  Melee: Trident           |    62 |   101 |   274 |   218 ||   655
         Peck              |     6 |    14 |    45 |    30 ||    95
         Kick              |    11 |    26 |    66 |    55 ||   158
 Invoke: Curse Item        |       |       |       |     3 ||     3
    Use: Scroll            |       |     5 |     4 |     2 ||    11
         Potion            |       |     1 |     6 |     2 ||     9
 Armour: Scale mail        |    23 |    46 |    97 |       ||   166
         Chain mail        |       |       |    63 |    15 ||    78
         Skin              |       |       |     6 |       ||     6
         Plate armour      |       |       |       |    53 ||    53
  Dodge: Dodged            |    17 |    26 |   131 |    66 ||   240
  Block: Buckler           |    15 |    21 |    27 |       ||    63
         Kite shield       |       |       |    95 |    97 ||   192

Table legend: (Time is in decaauts)
 A = Elapsed time spent in this place.
 B = Non-inter-level travel time spent in this place.
 C = Inter-level travel time spent in this place.
 D = Time resting spent in this place.
 E = Time spent auto-exploring this place.
 F = Levels seen in this place.
 G = Mean time per level.
                   A        B        C        D        E       F      G
               +--------+--------+--------+--------+--------+-----+--------+
         Total |   7584 |   6990 |    594 |     75 |   5594 |  10 |  758.4 |
       Dungeon |   7515 |   6979 |    536 |     75 |   5594 |   9 |  835.0 |
        Temple |     68 |     10 |     58 |      0 |      0 |   1 |   68.0 |
               +--------+--------+--------+--------+--------+-----+--------+

Top non-repeatable levels by time:
     D:8: 1265 daAuts
     D:6: 1100 daAuts
     D:9: 1075 daAuts
     D:5: 1058 daAuts
     D:7: 762 daAuts
     D:4: 755 daAuts
     D:1: 530 daAuts
     D:3: 511 daAuts
     D:2: 456 daAuts
  Temple: 68 daAuts
